 Dungeon Crawl Stone Soup version 0.30-a0-458-g86641cc369 (webtiles) character file.

Game seed: 7737078465012651108

8696 flotson the Trooper (level 11, -6/86 HPs)
             Began as a Demonspawn Delver on Dec 14, 2022.
             Was an Initiate of Gozag.
             Mangled by a cyan ugly thing (15 damage)
             ... on level 9 of the Dungeon.
             The game lasted 00:25:03 (12043 turns).

flotson the Trooper (Demonspawn Delver)            Turns: 12043, Time: 00:25:05

Health: -6/86      AC: 14    Str: 16    XL:     11   Next: 13%
Magic:  11/11      EV: 12    Int: 12    God:    Gozag
Gold:   518        SH: 18    Dex: 15    Spells: 10/10 levels left

rFire   + . .      SeeInvis .    a - +1 war axe
rCold   + . .      Faith    .    y - +1 kite shield {rC+ rF+}
rNeg    . . .      Spirit   .    E - +5 ring mail "Nofuc" {rPois}
rPois   +          Reflect  +    M - +0 hat
rElec   .          Harm     .    H - +0 cloak
rCorr   .          Rampage  .    k - +0 pair of gloves
Will    +....                    (no boots)
Stlth   ++........               A - amulet of reflection
HPRegen 0.34/turn                u - ring of willpower
MPRegen 0.12/turn                (no ring)

@: no status effects
A: condensation shield, demonic magic 3, weakness stinger 2
a: Renounce Religion, Potion Petition, Call Merchant, Bribe Branch


You were on level 9 of the Dungeon.
You worshipped Gozag.
Gozag was pleased with you.
You visited 2 branches of the dungeon, and saw 10 of its levels.
You also visited: Sewer and Ossuary.

You collected 1087 gold pieces.
You spent 376 gold pieces at shops.
You paid 193 gold pieces to Gozag.

Inventory:

Hand Weapons
 a - a +1 war axe (weapon)
 b - a +1 sling of electrocution
 I - a +0 hand axe of electrocution
Missiles
 f - 30 poisoned darts
 Q - 2 throwing nets (quivered)
 T - 2 curare-tipped darts
Armour
 j - a +2 leather armour of fire resistance
 k - a +0 pair of gloves (worn)
 y - a +1 kite shield of resistance (worn)
 E - the +5 ring mail "Nofuc" (worn) {rPois}
   (You bought it in a shop on level 3 of the Dungeon)

   rPois:     It protects you from poison.
 H - a +0 cloak (worn)
 M - a +0 hat (worn)
 S - a +2 scale mail of cold resistance
Jewellery
 u - a ring of willpower (left hand)
 z - a ring of ice
 A - an amulet of reflection (around neck)
Wands
 g - a wand of digging (1)
 J - a wand of flame (54)
 V - a wand of charming (5)
Scrolls
 c - a scroll of fog
 e - 2 scrolls of fear
 h - a scroll of torment {unknown}
 i - 2 scrolls of blinking {unknown}
 m - 4 scrolls of teleportation {unknown}
 n - a scroll of noise {unknown}
 s - 11 scrolls of identify {unknown}
 B - a scroll of enchant armour {unknown}
 C - 3 scrolls of silence {unknown}
 G - a scroll of poison {unknown}
 L - a scroll of enchant weapon {unknown}
 O - a scroll of magic mapping
 P - a scroll of amnesia {unknown}
 R - a scroll of vulnerability {unknown}
Potions
 d - a potion of degeneration {unknown}
 l - 10 potions of curing {unknown}
 o - 3 potions of brilliance {unknown}
 p - 8 potions of heal wounds {unknown}
 q - 3 potions of cancellation {unknown}
 r - 4 potions of invisibility {unknown}
 t - 6 potions of mutation {unknown}
 v - 2 potions of lignification {unknown}
 w - 2 potions of magic {unknown}
 x - 2 potions of attraction {unknown}
 D - 2 potions of haste
 F - 2 potions of might {unknown}
 K - a potion of berserk rage {unknown}
 N - a potion of flight {unknown}
 U - a potion of ambrosia {unknown}


   Skills:
 + Level 7.9 Fighting
 + Level 4.7 Axes
 + Level 3.1 Ranged Weapons
 + Level 6.2 Throwing
 + Level 6.3 Armour
 + Level 6.7 Dodging
 - Level 5.0 Stealth
 + Level 2.3 Shields
 + Level 7.0 Evocations


You had 10 spell levels left.
You didn't know any spells.
Your spell library contained the following spells:

 Spells                   Type           Power      Damage    Failure   Level
 Necrotise                Necr           0%         1d4       88%         1
 Sting                    Tmut/Pois      0%         1d3       88%         1
 Ensorcelled Hibernation  Hex/Ice        0%         N/A       96%         2
 Passwall                 Tmut/Erth      0%         N/A       96%         2
 Poisonous Vapours        Pois/Air       0%         N/A       96%         2
 Dazzling Flash           Conj/Hex       0%         N/A       99%         3
 Swiftness                Air            0%         N/A       99%         3
 Vampiric Draining        Necr           0%         2d6       99%         3
 Iskenderun's Mystic Bla  Conj/Tloc      0%         2d3       100%        4
 Olgreb's Toxic Radiance  Pois           0%         N/A       100%        4
 Agony                    Necr           0%         N/A       100%        5
 Starburst                Conj/Fire      0%         6d3       100%        6


Dungeon Overview and Level Annotations

Branches:
Dungeon (9/15)             Temple (1/1) D:6            Lair (0/5) D:9
  Sewer (visited)         Ossuary (visited)
    Orc: D:9-12

Altars:
Ashenzari
Cheibriados
Dithmenos
Fedhas
Gozag
Hepliaklqana
Nemelex Xobeh
Okawaru
Ru
Sif Muna
Trog
Uskayaw
Vehumet
Wu Jian
Xom
Yredelemnul

Shops:
D:3 *[([   D:4 *   D:5 *   D:6 *

Annotations:
D:5 1 runed translucent door, pigah's ghost, novice OpWn


Innate Abilities, Weirdness & Mutations

A meltable shield of frost defends you. (SH +4)
Spells you cast and wands you use may paralyse nearby enemies.
You have a tail ending in a sharp stinger.


Message History

The cyan ugly thing punches you. The cyan ugly thing shocks you!
You slash the cyan ugly thing!
The cyan ugly thing is moderately wounded.
The cyan ugly thing punches you but does no damage.
The cyan ugly thing barely misses you.
You hit the cyan ugly thing. You tail-slap the cyan ugly thing.
The cyan ugly thing is heavily wounded.
The cyan ugly thing punches you! The cyan ugly thing shocks you!
You slash the cyan ugly thing! You tail-slap the cyan ugly thing.
The cyan ugly thing is severely wounded.
You block the cyan ugly thing's attack. x2
You hit the cyan ugly thing but do no damage.
You tail-slap the cyan ugly thing, but do no damage.
The cyan ugly thing is severely wounded.
The cyan ugly thing punches you! The cyan ugly thing shocks you!
You are too injured to fight recklessly!
You are too injured to fight recklessly!
You are too injured to fight recklessly!
You are too injured to fight recklessly!
You are too injured to fight recklessly!
You are too injured to fight recklessly!
You hit the cyan ugly thing.
The cyan ugly thing is severely wounded.
You block the cyan ugly thing's attack.
The cyan ugly thing punches you but does no damage.
You slash the cyan ugly thing!
The cyan ugly thing is almost dead.
The cyan ugly thing barely misses you.
You barely miss the cyan ugly thing.
The cyan ugly thing is almost dead.
The cyan ugly thing closely misses you.
You closely miss the cyan ugly thing.
The cyan ugly thing is almost dead.
The cyan ugly thing punches you. The cyan ugly thing shocks you!
* * * LOW HITPOINT WARNING * * *
The cyan ugly thing punches you.
* * * LOW HITPOINT WARNING * * *
The cyan ugly thing shocks you!
You die...
Your body crumbles into a pile of gold.

#..##).....# #..# #. #.>##......#
#..# #. #..###)##### #..# #. #..#
#[# #..# #.
#####..###.#########..# #.
...........)<.........##########.
......u...<)[....................
.................################
................@#
................u#
.................#
.................################
.................................
.................................
.###.......).....................
## #..............###############
# #..............#


You could see a cyan ugly thing.

Vanquished Creatures
  Harold (D:9)
  A two-headed ogre (D:9)
  A tengu warrior (D:9)
  Pikel (D:7)
  Joseph (D:7)
  A kobold demonologist (D:7)
  A hornet (D:7)
  6 wyverns
  4 yaks (D:8)
  A basilisk (D:8)
  6 water moccasins
  7 orc warriors
  An ice beast (D:7)
  A sky beast (D:8)
  3 black bears
  2 ogres
  A lemure (D:7)
  2 phantoms
  A kobold brigand (D:8)
  2 bullfrogs (D:6)
  A necrophage (D:5)
  2 gnoll sergeants
  3 water moccasin zombies (Ossuary)
  4 scorpions
  2 howler monkeys (D:5)
  4 orc priests
  6 hounds
  An iguana (D:4)
  12 orc wizards
  2 mummies (Ossuary)
  9 gnolls (D:8)
  6 river rats
  19 adders
  2 shadow imps (D:6)
  2 ufetubi (D:6)
  An adder zombie (Ossuary)
  3 worms
  2 dart slugs
  55 orcs
  16 ball pythons
  7 endoplasms
  6 giant cockroaches
  A gnoll zombie (Ossuary)
  5 goblins
  8 hobgoblins
  5 jackals
  4 quokkas
  2 bats (D:1)
  4 frilled lizards
  4 hobgoblin zombies (Ossuary)
  13 kobolds
  5 kobold zombies (Ossuary)
  7 orc zombies (Ossuary)
  15 rats
282 creatures vanquished.

Vanquished Creatures (others)
  2 fungi (D:9)
  19 plants
21 creatures vanquished.

Grand Total: 303 creatures vanquished

Notes
Turn   | Place    | Note
-------+----------+-------------------------------------------
     0 | D:5      | flotson the Demonspawn Delver began the quest for the Orb.
     0 | D:5      | Reached XP level 1. HP: 18/18 MP: 1/1
   158 | D:4      | Noticed a hound
   178 | D:4      | Killed a hound
   179 | D:4      | Reached skill level 1 in Evocations
   179 | D:4      | Gained mutation: Spells you cast may paralyse adjacent
                  | enemies. [demonic ancestry]
   179 | D:4      | Reached XP level 2. HP: 16/24 MP: 2/2
   179 | D:4      | Reached XP level 3. HP: 19/29 MP: 3/3
   271 | D:4      | Reached skill level 1 in Armour
   281 | D:4      | Reached XP level 4. HP: 29/35 MP: 4/4
   506 | D:4      | Found a sand-covered staircase.
   519 | Ossuary  | Entered an ossuary
   574 | Ossuary  | Reached skill level 5 in Stealth
   724 | Ossuary  | Gained mutation: You have a small tail. [demonic ancestry]
   724 | Ossuary  | Reached XP level 5. HP: 41/41 MP: 5/5
   774 | Ossuary  | Reached skill level 1 in Throwing
  1060 | Ossuary  | Gained mutation: You have a tail ending in a sharp stinger.
                  | [demonic ancestry]
  1060 | Ossuary  | Reached XP level 6. HP: 48/48 MP: 6/6
  1366 | D:3      | Found Bun Feugug's Antique Weapon Boutique.
  1368 | D:3      | Found Tauhice's Armour Emporium.
  2173 | D:1      | Found a faded altar of an unknown god.
  3593 | D:3      | Found Zockonon's Antique Armour Emporium.
  3600 | D:3      | Bought a spiked ring mail for 216 gold pieces
  3600 | D:3      | Identified the +5 ring mail "Nofuc" {rPois} (You bought it
                  | in a shop on level 3 of the Dungeon)
  3628 | D:3      | Found Ydwum's Assorted Antiques.
  3633 | D:3      | Bought a smoky golden potion for 18 gold pieces
  3633 | D:3      | Bought 2 murky coppery potions for 36 gold pieces
  4246 | D:4      | Found Dubb's Serpentskin Sales.
  4246 | D:4      | Noticed a water moccasin
  4351 | D:4      | Killed a water moccasin
  4352 | D:4      | Gained mutation: A meltable shield of frost defends you.
                  | (SH +4) [demonic ancestry]
  4352 | D:4      | Reached XP level 7. HP: 55/55 MP: 7/7
  4353 | D:4      | Bought 6 curare-tipped darts for 43 gold pieces
  4616 | D:5      | Found a runed translucent door.
  4864 | D:5      | Found a runed translucent door.
  4869 | D:5      | Noticed pigah's ghost (novice OpWn)
  4988 | D:5      | Found Teucujumi's Assorted Antiques.
  5060 | D:5      | Found a radiant altar of Vehumet.
  5117 | D:5      | Reached skill level 5 in Fighting
  5430 | D:6      | Found a hide-covered altar of Uskayaw.
  5463 | D:6      | Gained mutation: Spells you cast may paralyse nearby
                  | enemies. [demonic ancestry]
  5463 | D:6      | Reached XP level 8. HP: 60/62 MP: 8/8
  5473 | D:6      | Found an ornate altar of the Wu Jian Council.
  5476 | D:6      | Found a shadowy altar of Dithmenos.
  5476 | D:6      | Found an iron altar of Okawaru.
  5476 | D:6      | Found a hazy altar of Hepliaklqana.
  5476 | D:6      | Found a shimmering altar of Xom.
  5476 | D:6      | Found a snail-covered altar of Cheibriados.
  5487 | D:6      | Found a blossoming altar of Fedhas.
  5488 | D:6      | Found a broken altar of Ashenzari.
  5489 | D:6      | Found a basalt altar of Yredelemnul.
  5538 | D:6      | Found a staircase to the Ecumenical Temple.
  5551 | Temple   | Entered the Ecumenical Temple
  5946 | D:6      | Found a glowing drain.
  5953 | Sewer    | Entered a sewer
  6417 | D:6      | Found Huer's General Store.
  6496 | D:3      | Bought a scroll labelled QOCZILA HEAMM for 20 gold pieces
  6496 | D:3      | Bought a scroll labelled RUOKER AMNAITY for 20 gold pieces
  6573 | D:5      | Bought a scroll labelled FEOGHA SUVO for 23 gold pieces
  7628 | D:6      | Reached skill level 5 in Dodging
  7628 | D:6      | Reached skill level 5 in Evocations
  7628 | D:6      | Gained mutation: Spells you cast and wands you use may
                  | paralyse nearby enemies. [demonic ancestry]
  7628 | D:6      | Reached XP level 9. HP: 39/69 MP: 9/9
  8015 | D:7      | Noticed a kobold demonologist
  8024 | D:7      | Killed a kobold demonologist
  8115 | D:7      | Reached skill level 5 in Armour
  8267 | D:7      | Noticed Pikel
  8309 | D:7      | Killed Pikel
  8483 | D:7      | Noticed Joseph
  8490 | D:7      | Killed Joseph
  8491 | D:7      | Reached skill level 5 in Throwing
  9027 | D:8      | Reached XP level 10. HP: 49/79 MP: 10/10
  9351 | D:8      | Found a shimmering blue altar of Sif Muna.
  9421 | D:8      | Reached skill level 1 in Ranged Weapons
  9674 | Temple   | Became a worshipper of Gozag Ym Sagoz the Greedy
  9951 | D:9      | Noticed a cyan ugly thing
  9952 | D:9      | Noticed a tengu warrior
 10180 | D:9      | Noticed Harold
 10537 | D:8      | Reached skill level 1 in Shields
 10764 | D:9      | Found a staircase to the Lair.
 11089 | D:9      | Killed Harold
 11344 | D:9      | Noticed a two-headed ogre
 11374 | D:9      | Killed a two-headed ogre
 11375 | D:9      | Reached XP level 11. HP: 86/86 MP: 11/11
 11762 | D:9      | Killed a tengu warrior
 12043 | D:9      | Mangled by a cyan ugly thing

Illustrated notes

Levels and vault maps discovered:
D:1:      dreamdust_arrival_sigmund_warning, layout_rooms,
          serial_co_window_serial, co_window_paths_a, co_window_paths_b,
          co_window_of_opportunity_a, co_window_corner_a, co_window_paths_a,
          co_window_paths_a, co_window_paths_c, co_window_2corner,
          co_window_broadway_a, co_window_cross_3, co_window_4corner_a,
          glass_columns_b, glass_columns_a, glass_columns_c,
          shapermc_ecumenical_altar_mp_ritualfount
D:2:      wander_river, layout_basic, minmay_door_square,
          nicolae_figureground_pulse
D:3:      layout_basic, serial_shops, nicolae_shop_trees, shop, shop, shop,
          mrwooster_statue_mirror, minivault_5, minmay_shallow_snake_nest
D:4:      layout_layer_cave, lightli_ossuary_entry_decrepit_ruins,
          guppyfry_shop_venom
D:5:      layout_basic, mainiacjoe_overflow_six_doors_small, serial_shops,
          kennysheep_little_box, ebering_ghost_sewer_f
D:6:      kennysheep_six_static_rooms, layout_rooms, minitemple,
          minmay_temple_entry_overgrown, lightli_sewer_entry_pipes,
          kennysheep_windowed_goal, uniq_maggie
D:7:      layout_loops_corners, nrook_uturn, kennysheep_generic_room_15,
          uniq_joseph, uniq_pikel
D:8:      layout_loops_cross, mainiacjoe_overflow_big_doors, hex_medium
D:9:      layout_long_grid, minmay_lair_entry_grove, special_room
          [special_room_orc], minmay_checkerbox, uniq_harold
Temple:   hellmonk_temple_flake

Skill      XL: |  1  2  3  4  5  6  7  8  9 10 11 |
---------------+----------------------------------+-----
Dodging        | 2 3 4 5 6 |  6.7
Evocations     | 1 2 3 5 6 7 |  7.0
Armour         | 1 2 3 4 5 6 |  6.3
Stealth        | 5 |  5.0
Throwing       | 1 2 3 4 5 6 |  6.2
Fighting       | 4 5 6 7 |  7.9
Axes           | 3 4 |  4.7
Ranged Weapons | 2 3 |  3.1
Shields        | 2 |  2.3

Action                   |  1- 3 |  4- 6 |  7- 9 | 10-12 || total
-------------------------+-------+-------+-------+-------++-------
Melee: Hand axe          |    11 |       |       |    16 ||    27
       Long sword        |    26 |   120 |       |       ||   146
       Tailslap          |       |    36 |    70 |     4 ||   110
       Trident           |       |   158 |       |       ||   158
       Dagger            |       |    93 |   443 |       ||   536
       Punch             |       |     2 |     6 |       ||     8
       Glaive            |       |       |    42 |       ||    42
       War axe           |       |       |       |    11 ||    11
 Fire: Sling             |       |       |    60 |   367 ||   427
Throw: Dart              |       |       |     4 |     5 ||     9
       Throwing net      |       |       |       |     2 ||     2
Evoke: Wand              |       |     1 |     1 |       ||     2
  Use: Potion            |     1 |       |       |     1 ||     2
       Scroll            |       |     1 |       |     1 ||     2
 Stab: Sleeping          |     2 |    21 |    13 |       ||    36
Armor: Leather armour    |    13 |   113 |       |       ||   126
       Ring mail         |       |    18 |   173 |   167 ||   358
Dodge: Dodged            |    22 |   238 |   235 |   150 ||   645
Block: Other             |       |     9 |   193 |       ||   202
       Reflection        |       |       |     7 |    21 ||    28
       Kite shield       |       |       |    58 |   411 ||   469

Table legend: (Time is in decaauts)
 A = Elapsed time spent in this place.
 B = Non-inter-level travel time spent in this place.
 C = Inter-level travel time spent in this place.
 D = Time resting spent in this place.
 E = Time spent auto-exploring this place.
 F = Levels seen in this place.
 G = Mean time per level.
                   A        B        C        D        E       F      G
               +--------+--------+--------+--------+--------+-----+--------+
         Total |  12509 |  11634 |    875 |    662 |   7414 |  12 | 1042.4 |
       Dungeon |  11366 |  10519 |    847 |    611 |   6736 |   9 | 1262.9 |
        Temple |     83 |     56 |     27 |      0 |     47 |   1 |   83.0 |
         Sewer |    342 |    342 |      0 |      0 |    249 |   1 |  342.0 |
       Ossuary |    717 |    717 |      0 |     51 |    382 |   1 |  717.0 |
               +--------+--------+--------+--------+--------+-----+--------+

Top non-repeatable levels by time:
     D:8: 1780 daAuts
     D:4: 1513 daAuts
     D:9: 1499 daAuts
     D:5: 1431 daAuts
     D:6: 1232 daAuts
     D:7: 1178 daAuts
     D:3: 1049 daAuts
     D:1: 851 daAuts
     D:2: 829 daAuts
 Ossuary: 717 daAuts
   Sewer: 342 daAuts
  Temple: 83 daAuts
